 Dungeon Crawl Stone Soup version 0.27.0-1-g7a089689b8 (webtiles) character file.

Game seed: 8210318475109266783

4 Sobieck the Grasshopper (level 1, -1/20 HPs)
             Began as a Gnoll Warper on Aug 8, 2021.
             Slain by a kobold (3 damage)
             ... on level 1 of the Dungeon.
             The game lasted 00:00:14 (38 turns).

Sobieck the Grasshopper (Gnoll Warper)                Turns: 38, Time: 00:00:14

Health: -1/20      AC:  3    Str: 10    XL:     1   Next: 60%
Magic:  6/6        EV: 12    Int: 12    God:
Gold:   7          SH:  0    Dex: 11    Spells: 9/9 levels left

rFire    . . .     SeeInvis .   a - +0 hand axe {axe}
rCold    . . .     Faith    .   (no shield)
rNeg     . . .     Spirit   .   b - +0 leather armour
rPois    .         Reflect  .   (no helmet)
rElec    .         Harm     .   (no cloak)
rCorr    .         Rampage  .   (no gloves)
Will     .....                  (no boots)
Stlth    +.........             (no amulet)
HPRegen  0.06/turn              (no ring)
MPRegen  0.10/turn              (no ring)

@: no status effects
A: fangs 1, strong nose, distributed training
a: no special abilities


You were on level 1 of the Dungeon.
You visited 1 branch of the dungeon, and saw 1 of its levels.

You collected 7 gold pieces.


Innate Abilities, Weirdness & Mutations

You have very sharp teeth.
Your uncanny sense of smell can sniff out nearby items.
Your experience applies equally to all skills.


   Skills:
 + Level 4.4 Fighting
 + Level 0.1 Short Blades
 + Level 0.1 Long Blades
 + Level 4.4 Axes
 + Level 0.1 Maces & Flails
 + Level 0.1 Polearms
 + Level 0.1 Staves
 + Level 0.1 Slings
 + Level 0.1 Bows
 + Level 0.1 Crossbows
 + Level 2.4 Throwing
 + Level 2.4 Armour
 + Level 4.4 Dodging
 + Level 0.1 Stealth
 + Level 0.1 Shields
 + Level 0.1 Unarmed Combat
 + Level 4.9 Spellcasting
 + Level 0.1 Conjurations
 + Level 0.1 Hexes
 + Level 0.1 Summonings
 + Level 0.1 Necromancy
 + Level 5.3 Translocations
 + Level 0.1 Transmutations
 + Level 0.1 Fire Magic
 + Level 0.1 Ice Magic
 + Level 0.1 Air Magic
 + Level 0.1 Earth Magic
 + Level 0.1 Poison Magic
 + Level 0.2 Invocations
 + Level 0.1 Evocations


You had 9 spell levels left.
You didn't know any spells.
Your spell library contained the following spells:

 Spells                   Type           Power      Damage    Failure   Level
 Blink                    Tloc           N/A        N/A       4%          2
 Gell's Gravitas          Tloc           7%         N/A       9%          3
 Lesser Beckoning         Tloc           7%         N/A       9%          3
 Teleport Other           Tloc           15%        N/A       9%          3
 Manifold Assault         Tloc           15%        N/A       63%         5

Inventory:

Hand Weapons
 a - a +0 hand axe (weapon) {axe}
Missiles
 d - 5 boomerangs of dispersal (quivered) {=f!fthrowing}
Armour
 b - a +0 leather armour (worn)
 e - a +0 pair of boots
   (You found it on level 1 of the Dungeon)
Scrolls
 c - a scroll of blinking {!r}

Dungeon Overview and Level Annotations

Branches:
Dungeon (1/15)

Altars:

.......................
.....................!.
...##.......g....##....
.. #............##....
.......##.........#
.......##.........#
............b.....#
#####.###J....##
.......@K#####
.......### .......
....... ....... .......
....... .......


You could see an endoplasm, a bat and a kobold.


Message History

You add the spells Blink, Lesser Beckoning, Gell's Gravitas, Teleport Other and Manifold Assault to your library. 🤖 Initializing magus.rc ... ✅ Successfully initialized magus_sobieck.rc [v0.0.2] Welcome, Sobieck the Gnoll Warper.
Will you be the one to retrieve the transcendent Orb of Zot from the depths?
Press ? for a list of commands and other information.
Found a pair of boots and 25 gold pieces.
Found two stairs.
Unknown command.
An endoplasm comes into view.
Danger!
A quokka comes into view.
The endoplasm quivers.
A hobgoblin comes into view.
The hobgoblin shouts!
The endoplasm hits you but does no damage.
You hit the endoplasm.
You kill the endoplasm!
The quokka completely misses you. The quokka bites you.
You hit the quokka but do no damage.
The quokka bites you but does no damage.
You hit the quokka. The quokka bites you.
An endoplasm comes into view.
You are too injured to fight recklessly!
You are too injured to fight recklessly!
You are too injured to fight recklessly!
Unknown command.
The endoplasm quivers.
You hit the quokka.
You kill the quokka!
You hit the hobgoblin.
A bat comes into view.
The hobgoblin barely misses you.
A kobold comes into view. It is wielding a +0 short sword.
The bat moves out of view.
The kobold shouts!
You hit the hobgoblin. The hobgoblin misses you.
The kobold throws a stone.
The stone barely misses you.
You barely miss the hobgoblin. The hobgoblin barely misses you.
You hit the hobgoblin.
You kill the hobgoblin!
A goblin comes into view. It is wielding a +0 dagger.
The kobold throws a stone.
The stone hits you.
You see here 7 gold pieces.
You now have 7 gold pieces.
The goblin shouts!
The bat hits you but does no damage. The bat barely misses you.
The bat misses you. The bat hits you but does no damage. The bat hits you.
The bat hits you but does no damage.
The endoplasm jiggles.
There is a stone staircase leading down here.
The bat closely misses you. The bat hits you. The bat barely misses you.
A bat comes into view.
The bat hits you but does no damage. The bat hits you but does no damage.
You see here a +0 pair of boots.
e - a +0 pair of boots The bat hits you but does no damage. x2
The endoplasm hits you but does no damage.
The bat misses you. The bat barely misses you. The bat closely misses you.
The bat hits you. The bat closely misses you.
The bat hits you but does no damage. The bat hits you.
* * * LOW HITPOINT WARNING * * *
The bat closely misses you. The bat hits you but does no damage.
The bat completely misses you. The bat closely misses you. The bat hits you.
* * * LOW HITPOINT WARNING * * *
You hit the bat but do no damage. You hit the endoplasm but do no damage.
The bat barely misses you. The bat hits you.
* * * LOW HITPOINT WARNING * * *
The endoplasm barely misses you.
Unknown command.
You closely miss the bat. You hit the endoplasm but do no damage.
The bat hits you.
* * * LOW HITPOINT WARNING * * *
The endoplasm barely misses you.
Unknown command.
You barely miss the endoplasm. The endoplasm freezes you.
You are frozen.
* * * LOW HITPOINT WARNING * * *
The kobold hits you with a +0 short sword.
You die...

Action                   || total
-------------------------++-------
Melee: Hand axe          ||    10
Armor: Leather armour    ||    12
Dodge: Dodged            ||    19

Levels and vault maps discovered:
D:1:      dpeg_arrival_stonehenge_8_columns, layout_basic,
          dilly_ecumenical_altar_fadedgnrine

Notes
Turn   | Place    | Note
-------+----------+-------------------------------------------
     0 | D:1      | Sobieck the Gnoll Warper began the quest for the Orb.
     0 | D:1      | Reached XP level 1. HP: 20/20 MP: 6/6
    38 | D:1      | HP: 2/20 [frozen (5)]
    38 | D:1      | Slain by a kobold

Vanquished Creatures
  An endoplasm (D:1)
  A hobgoblin (D:1)
  A quokka (D:1)
3 creatures vanquished.

Table legend:
 A = Non-vault XP
 B = Vault XP
 C = Vault XP percentage of total XP
 D = Non-vault monster count
 E = Vault monster count
 F = Vault count percentage of total count
                 A         B        C        D         E       F
            +---------+---------+-------+---------+---------+-------
      Total |       6 |       0 |   0.0 |       3 |       0 |   0.0
            +---------+---------+-------+---------+---------+-------
        D:1 |       6 |       0 |   0.0 |       3 |       0 |   0.0
            +---------+---------+-------+---------+---------+-------

Illustrated notes

Table legend:
 A = Kills in this place as a percentage of kills in entire the game.
 B = Kills by you in this place as a percentage of kills by you in the entire game.
 C = Kills by friends in this place as a percentage of kills by friends in the entire game.
 D = Other kills in this place as a percentage of other kills in the entire game.
 E = Experience gained in this place as a percentage of experience gained in the entire game.
 F = Experience gained in this place divided by the number of levels of this place that you have seen.
                   A       B       C       D       E      F
               +-------+-------+-------+-------+-------+----------------------
         Total | 100.0 | 100.0 |   N/A |   N/A | 100.0 |   6.0
       Dungeon | 100.0 | 100.0 |   N/A |   N/A | 100.0 |   6.0
               +-------+-------+-------+-------+-------+----------------------

Table legend: (Time is in decaauts)
 A = Elapsed time spent in this place.
 B = Non-inter-level travel time spent in this place.
 C = Inter-level travel time spent in this place.
 D = Time resting spent in this place.
 E = Time spent auto-exploring this place.
 F = Levels seen in this place.
 G = Mean time per level.
                   A        B        C        D        E       F      G
               +--------+--------+--------+--------+--------+-----+--------+
         Total |     38 |     38 |      0 |      0 |      2 |   1 |   38.0 |
       Dungeon |     38 |     38 |      0 |      0 |      2 |   1 |   38.0 |
               +--------+--------+--------+--------+--------+-----+--------+

Top non-repeatable levels by time:
     D:1: 38 daAuts
